Map: Beckett Industries LE

Players

ViBE - Winner!

  • Race: Zerg Zerg
  • League: Diamond

keur

  • Race: Protoss Protoss
  • League: Diamond

VOD

Have the link to the VOD?

Description

Time

  • Played on: April 9, 2021, 2:19 a.m.
  • Length: 15:10
Show
View Real Time Build Order
Export as new Build Order

ViBE Zerg - Winner!

Build Orders: Hatch First 

Get SALT Encoding   

  12  0:00  Drone  
  13  0:15  Overlord  
  13  0:19  Drone  
  14  0:34  Drone x2  
  16  0:49  Drone  
  17  0:53  Hatchery  
  17  0:56  Drone  
  17  1:02  Drone  
  18  1:09  Drone  
  19  1:17  Spawning Pool  
  18  1:23  Drone  
  19  1:31  Drone  
  20  1:36  Extractor  
  19  1:44  Drone  
  20  2:01  Overlord  
  20  2:06  Drone x2  
  20  2:08  Queen x2  
  26  2:17  Drone x2  
  28  2:26  Drone  
  28  2:28  Drone  
  30  2:35  Drone  
  31  2:37  Drone  
  32  2:48  Drone x2  
  31  2:54  Lair  
  31  2:55  Queen  
  33  3:01  Drone x2  
  35  3:12  Drone  
  36  3:15  Overlord  
  36  3:20  Overlord  
  36  3:26  Overlord x2  
  36  3:33  Drone x5  
  41  3:38  Roach Warren  
  41  3:41  Drone x2, Evolution Chamber  
  39  3:47  Drone  
  42  3:55  Drone  
  43  3:58  Drone x2  
  43  3:59  Drone x4  
  49  4:03  Extractor, Drone x2  
  49  4:05  Extractor  
  49  4:06  Hatchery  
  48  4:19  Overlord  
  48  4:20  Glial Reconstitution  
  48  4:21  Zerg Missile Weapons Level 1  
  48  4:25  Roach x3  
  54  4:35  Overlord  
  54  4:42  Roach x5  
  63  4:56  Roach  
  63  4:58  Roach  
  60  5:08  Drone x10  
  60  5:14  Ravager  
  70  5:22  Roach x3  
  70  5:23  Queen  
  76  5:38  Roach x3  
  81  5:43  Drone  
  81  5:48  Roach  
  82  5:53  Drone x8  
  90  5:57  Overseer  
  90  6:10  Overseer  
  89  6:12  Overseer  
  89  6:15  Drone x4  
  89  6:16  Drone  
  88  6:29  Hydralisk Den  
  88  6:30  Evolution Chamber  
  86  6:34  Zerg Missile Weapons Level 2  
  86  6:37  Drone x4  
  86  6:38  Overlord x5  
  90  6:43  Extractor  
  89  6:50  Drone  
  89  6:51  Overlord  
  89  6:52  Overlord  
  90  6:56  Overlord  
  90  6:58  Zerg Ground Armor Level 1  
  90  6:59  Grooved Spines  
  90  7:00  Drone x5  
  95  7:09  Drone  
  95  7:10  Drone x5  
  101  7:27  Hatchery  
  101  7:28  Extractor, Drone  
  101  7:29  Drone x2  
  102  7:30  Extractor  
  102  7:35  Drone  
  102  7:38  Drone, Infestation Pit  
  102  7:39  Drone x7  
  102  7:42  Overlord x2  
  109  7:48  Hydralisk  
  109  7:49  Hydralisk x3  
  117  8:02  Hydralisk  
  117  8:03  Hydralisk x2  
  123  8:16  Drone  
  123  8:17  Drone x9  
  123  8:19  Hive  
  133  8:25  Hydralisk x2  
  127  8:31  Hydralisk  
  127  8:32  Hydralisk  
  127  8:33  Hydralisk  
  114  8:35  Hydralisk  
  114  8:40  Hatchery  
  115  8:45  Hydralisk x3  
  121  8:52  Hydralisk x3  
  127  8:59  Hydralisk x2  
  119  9:05  Hydralisk  
  119  9:06  Hydralisk  
  89  9:16  Hydralisk  
  65  9:28  Drone  
  65  9:29  Drone x2  
  67  9:43  Drone  
  67  9:44  Drone x3  
  71  9:46  Drone  
  71  9:52  Drone  
  73  9:57  Drone x3  
  76  10:01  Drone x2  
  76  10:04  Drone x2  
  80  10:07  Drone  
  80  10:08  Drone  
  82  10:17  Drone x5  
  82  10:19  Queen  
  89  10:22  Queen  
  89  10:28  Drone x3  
  94  10:35  Drone  
  95  10:37  Drone  
  95  10:38  Drone x2  
  95  10:42  Extractor  
  97  10:43  Extractor  
  96  10:50  Drone x5  
  96  10:52  Zerg Missile Weapons Level 3, Zerg Ground Armor Level 2  
  101  11:04  Drone x9  
  110  11:21  Hydralisk x6  
  122  11:31  Extractor  
  122  11:32  Extractor  
  120  11:35  Drone x4  
  120  11:36  Drone x2  
  126  11:45  Roach x6  
  138  11:47  Drone x2  
  138  11:49  Drone x2  
  138  11:52  Hatchery  
  141  11:54  Drone  
  141  11:55  Drone  
  141  11:57  Drone x4  
  141  11:59  Drone  
  148  12:05  Drone  
  149  12:18  Roach x4  
  149  12:19  Roach x5  
  149  12:20  Overseer  
  167  12:28  Overlord x5  
  167  12:31  Overlord  
  167  12:44  Muscular Augments  
  167  12:46  Queen  
  167  12:49  Hydralisk x9  
  187  13:01  Roach  
  187  13:02  Roach x5  
  187  13:03  Drone  
  200  13:32  Spore Crawler  
  200  13:33  Spine Crawler  
  198  13:34  Spine Crawler  
  198  13:35  Spore Crawler, Spine Crawler  
  198  13:36  Spine Crawler  
  198  13:37  Spore Crawler  
  198  13:38  Spine Crawler  
  198  13:39  Spore Crawler, Spine Crawler  
  198  13:41  Spine Crawler  
  189  13:42  Spore Crawler  
  189  13:43  Spine Crawler x2  
  186  13:51  Drone, Spine Crawler  
  186  13:52  Drone x2  
  186  13:54  Drone x2  
  186  13:55  Drone x10  
  200  14:27  Hatchery  
  192  14:42  Roach x16  
  192  14:43  Hydralisk x8  
Show
View Real Time Build Order
Export as new Build Order

keur Protoss 

Build Orders: 1 Gate Expand, Zealot Archon 

Get SALT Encoding   

  12  0:00  Probe  
  13  0:12  Probe  
  14  0:20  Pylon  
  14  0:24  Probe  
  15  0:38  Probe  
  15  0:42  Gateway  
  16  0:47  Assimilator  
  16  0:50  Probe  
  17  1:02  Probe  
  18  1:14  Probe  
  19  1:33  Zealot (Chrono Boost)  
  19  1:34  Cybernetics Core  
  21  1:42  Nexus  
  21  1:45  Probe  
  22  1:57  Probe  
  22  2:00  Gateway  
  23  2:11  Pylon  
  23  2:14  Warp Gate (Chrono Boost)  
  23  2:25  Assimilator  
  23  2:30  Adept (Chrono Boost)  
  25  2:54  Probe  
  24  3:04  Probe  
  25  3:06  Probe  
  25  3:11  Robotics Facility  
  26  3:13  Pylon  
  26  3:17  Gateway  
  26  3:18  Probe  
  27  3:20  Gateway  
  27  3:25  Probe  
  28  3:30  Probe  
  29  3:38  Probe  
  30  3:44  Twilight Council  
  30  3:46  Probe  
  31  3:50  Probe  
  31  3:55  Warp Prism (Chrono Boost)  
  34  4:10  Adept x2  
  34  4:16  Adept x2  
  41  4:25  Dark Shrine  
  41  4:28  Probe x2  
  43  5:13  Probe x2  
  45  5:16  Pylon  
  45  5:19  Adept x4  
  45  5:20  Pylon  
  45  5:48  Dark Templar x3  
  43  6:06  Dark Templar  
  43  6:22  Charge  
  41  6:25  Gateway  
  41  6:28  Gateway  
  41  6:29  Gateway  
  41  6:32  Assimilator  
  41  6:34  Zealot x3  
  41  6:36  Assimilator  
  47  6:40  Immortal (Chrono Boost)  
  47  6:44  Pylon  
  47  6:45  Shield Battery  
  51  6:47  Probe x2  
  53  6:59  Sentry  
  55  7:10  Immortal (Chrono Boost)  
  55  7:12  Zealot x3  
  65  7:19  Pylon  
  65  7:21  Pylon  
  65  7:22  Pylon  
  65  7:27  Archon  
  65  7:29  Zealot x2  
  69  7:33  Pylon  
  69  7:39  Dark Templar x2  
  73  7:46  Archon  
  73  7:48  Zealot x3  
  79  7:53  Probe x2  
  81  8:12  Zealot x4  
  87  8:13  Zealot  
  89  8:38  Dark Templar x5  
  99  8:44  Archon x2  
  85  9:09  Zealot x2  
  71  9:10  Zealot x2  
  71  9:11  Zealot x3  
  37  9:32  Immortal  
  37  9:34  Zealot x2  
  37  9:35  Zealot  
  37  9:38  Sentry x2  
  51  9:59  Nexus  
  51  10:03  Pylon  
  51  10:06  Sentry x2  
  55  10:12  Zealot  
  57  10:15  Zealot  
  59  10:34  Immortal (Chrono Boost)  
  59  10:41  Robotics Bay  
  63  10:45  Dark Templar  
  63  10:46  Dark Templar  
  67  10:50  Archon  
  67  10:52  Probe  
  67  10:53  Probe  
  69  11:01  Robotics Facility  
  69  11:05  Warp Prism (Chrono Boost)  
  72  11:18  Probe x2  
  72  11:19  Probe  
  74  11:33  Colossus (Chrono Boost)  
  80  11:49  Nexus  
  80  11:56  Colossus (Chrono Boost)  
  80  11:59  Extended Thermal Lance (Chrono Boost)  
  86  12:10  Pylon, Probe (Chrono Boost)  
  87  12:20  Probe (Chrono Boost)  
  87  12:21  Disruptor (Chrono Boost)  
  91  12:32  Probe  
  98  12:38  Probe x2  
  98  12:39  Colossus (Chrono Boost)  
  100  12:44  Probe  
  100  12:46  Disruptor (Chrono Boost)  
  100  12:51  Shield Battery  
  104  12:52  Shield Battery  
  104  12:59  Pylon  
  104  13:10  Disruptor (Chrono Boost)  
  104  13:11  Colossus (Chrono Boost)  
  107  13:15  Probe x2  
  115  13:25  Probe x2  
  117  13:35  Disruptor (Chrono Boost)  
  120  13:50  Forge, Disruptor  
  115  14:05  Pylon  
  115  14:09  Dark Templar x3  
  121  14:10  Dark Templar x3  
  127  14:21  Disruptor  
Tags
 
Add a new tag
Caveats
  • Supply blocks, unpowered buildings, or Contaminate may cause inaccurate times.
  • Supply counts are checked every 10 seconds.